 Dungeon Crawl Stone Soup version 0.25-a0-316-gd28d56f9c5 (webtiles) character file.

Game seed: 10087193213098163237, levelgen mode: classic

185 Borgoz the Twirler (level 5, 0/32 HPs)
             Began as a Gargoyle Gladiator on Dec 25, 2019.
             Was an Initiate of Ashenzari.
             Killed by divine providence
             ... invoked by an orc priest
              (13 damage)
             ... on level 3 of the Dungeon.
             The game lasted 00:01:56 (1666 turns).

Borgoz the Twirler (Gargoyle Gladiator)             Turns: 1666, Time: 00:01:57

Health: 0/32       AC:  9    Str: 17    XL:     5   Next: 64%
Magic:  5/5        EV: 13    Int:  9    God:    Ashenzari [......]
Gold:   86         SH:  0    Dex: 12    Spells: 4/4 levels left

rFire    . . .     SeeInvis .   a - +0 quarterstaff
rCold    . . .     Gourm    .   (shield currently unavailable)
rNeg     + + .     Faith    .   b - +0 leather armour
rPois    ∞         Spirit   .   c - +0 helmet
rElec    +         Reflect  .   s - +0 cloak
rCorr    .         Harm     .   (no gloves)
MR       .....                  (no boots)
Stlth    +.........             (no amulet)
HPRegen  0.10/turn              g - ring of positive energy
MPRegen  0.09/turn              (no ring)

@: hasted, very quick
A: negative energy resistance 1, electricity resistance, unbreathing,
petrification resistance, rot immunity, AC +4
a: Curse Item, Renounce Religion


You were on level 3 of the Dungeon.
You worshipped Ashenzari.
Ashenzari was noncommittal.
You were not hungry.

You visited 1 branch of the dungeon, and saw 3 of its levels.

You collected 86 gold pieces.

Inventory:

Hand Weapons
 a - a +0 quarterstaff (weapon)
Missiles
 d - 2 throwing nets (quivered)
Armour
 b - a +0 leather armour (worn)
 c - a +0 helmet (worn)
 s - a +0 cloak (worn)
Jewellery
 g - a ring of positive energy (left hand)
Scrolls
 e - a scroll of amnesia {unknown}
 h - a scroll of teleportation {unknown}
 k - a scroll of enchant armour {unknown}
 l - a scroll of immolation {unknown}
 o - a scroll of identify {unknown}
 q - a scroll of magic mapping {unknown}
 r - 2 scrolls of noise {unknown}
Potions
 i - a potion of brilliance {unknown}
 j - 2 potions of haste
 m - 2 potions of heal wounds {unknown}
 p - a potion of degeneration {unknown}
 t - 2 potions of invisibility {unknown}
Comestibles
 f - 5 rations
 n - 2 chunks of flesh


   Skills:
 + Level 3.1 Fighting
 * Level 4.3 Staves
 - Level 1.7 Throwing
 + Level 2.1 Armour
 * Level 3.5 Dodging


You had 4 spell levels left.
You didn't know any spells.
Your spell library was empty.

Dungeon Overview and Level Annotations

Branches:
Dungeon (3/15)

Altars:
Ashenzari
Nemelex Xobeh
Vehumet
The Shining One


Innate Abilities, Weirdness & Mutations

You are resistant to torment.
Your stone body is resilient. (AC +4)
You are immune to poison.
You resist negative energy. (rN+)
You are resistant to electric shocks. (rElec)
You can survive without breathing.
You are immune to petrification.
You are immune to rotting.


Message History

You hear an angry hiss.
You are too injured to fight recklessly!
You are too injured to fight recklessly!
You are too injured to fight recklessly!
You are too injured to fight recklessly!
You are too injured to fight recklessly!
You are too injured to fight recklessly!
You are too injured to fight recklessly!
You are too injured to fight recklessly!
You are too injured to fight recklessly!
You are too injured to fight recklessly!
You are too injured to fight recklessly!
You are too injured to fight recklessly!
You are too injured to fight recklessly!
Unknown command.
It was a potion of haste.
You feel yourself speed up.
A frilled lizard comes into view.
The orc priest calls down the wrath of Beogh upon you.
Beogh smites you!
You die...

########.....
#†.......... .#
#.##<(......# ##.##
.(...>......##.....
#.##...........# .#
. #....)...#####.#
#.........÷....#
#..............#
....##......###@##
##.###.####.# #.#
#. #.# #.# #.# .
... #.# #)# ##. #.#
#.# #.# #o#


oo# #l. #.# You could see 2 orc priests, an orc and a frilled lizard.

Vanquished Creatures
  A crimson imp (D:2)
  Crazy Yiuf (D:2)
  Jessica (D:3)
  3 adders
  A worm (D:2)
  2 leopard geckos
  An orc (D:3)
  A giant cockroach (D:2)
  11 goblins
  8 hobgoblins
  7 jackals
  4 kobolds
  4 bats
  3 frilled lizards
  16 rats
64 creatures vanquished.

Notes
Turn   | Place    | Note
-------+----------+-------------------------------------------
     0 | D:1      | Borgoz the Gargoyle Gladiator began the quest for the Orb.
     0 | D:1      | Reached XP level 1. HP: 12/12 MP: 1/1
   240 | D:1      | Reached XP level 2. HP: 17/17 MP: 2/2
   472 | D:1      | Reached XP level 3. HP: 22/22 MP: 3/3
   723 | D:2      | Reached skill level 1 in Armour
   800 | D:2      | Reached XP level 4. HP: 23/27 MP: 4/4
   996 | D:2      | Found a faded altar of an unknown god.
   996 | D:2      | Found a glowing golden altar of the Shining One.
  1001 | D:2      | Found a radiant altar of Vehumet.
  1003 | D:2      | Found a shattered altar of Ashenzari.
  1004 | D:2      | Found a sparkling altar of Nemelex Xobeh.
  1010 | D:2      | Became a worshipper of Ashenzari the Shackled
  1270 | D:2      | Reached skill level 4 in Staves
  1351 | D:2      | Found a runed translucent door.
  1352 | D:2      | Noticed Crazy Yiuf
  1375 | D:2      | Reached XP level 5. HP: 32/32 MP: 5/5
  1578 | D:2      | Killed Crazy Yiuf
  1630 | D:3      | Noticed Jessica
  1639 | D:3      | Killed Jessica
  1666 | D:3      | Killed from afar by an orc priest

Levels and vault maps discovered:
D:1:      erik_arrival_orb_chamber, layout_basic, chequers_serial_rivers_micro_e
D:2:      minmay_diamond_boxcup, layout_basic,
          chequers_temple_overflow_minitemple, uniq_crazy_yiuf_cottage
D:3:      layout_loops_cross, nicolae_overflow_crystal_walls, st_stairs_8,
          uniq_jessica

Skill      XL: |  1  2  3  4  5 |
---------------+----------------+-----
Armour         | 1 2 |  2.1
Dodging        | 3 |  3.5
Staves         | 4 |  4.3
Fighting       | 3 |  3.1
Throwing       | |  1.7

Action                   |  1- 3 |  4- 6 || total
-------------------------+-------+-------++-------
Melee: Quarterstaff      |   105 |    72 ||   177
Throw: Throwing net      |       |     2 ||     2
  Use: Potion            |       |     1 ||     1
 Stab: Sleeping          |       |     1 ||     1
       Held in net/web   |       |     1 ||     1
  Eat: Chunk             |       |     3 ||     3
Armor: Leather armour    |    49 |    30 ||    79
Dodge: Dodged            |    51 |    57 ||   108

Table legend:
 A = Non-vault XP
 B = Vault XP
 C = Vault XP percentage of total XP
 D = Non-vault monster count
 E = Vault monster count
 F = Vault count percentage of total count
                 A         B        C        D         E       F
            +---------+---------+-------+---------+---------+-------
      Total |     146 |     119 |  44.9 |      42 |      22 |  34.4
            +---------+---------+-------+---------+---------+-------
        D:1 |      30 |      12 |  28.6 |      17 |      12 |  41.4
        D:2 |      96 |      70 |  42.2 |      20 |       9 |  31.0
        D:3 |      20 |      37 |  64.9 |       5 |       1 |  16.7
            +---------+---------+-------+---------+---------+-------
